 Dungeon Crawl Stone Soup version 0.20.1-1-g8b1a95d (webtiles) character file.

8669 mythicdarkflame the Protected (level 11, -1/97 HPs)
             Began as a Minotaur Fighter on July 16, 2017.
             Was the Champion of Cheibriados.
             Slain by an 11-headed hydra (9 damage)
             ... on level 2 of the Lair of Beasts.
             The game lasted 00:43:51 (10945 turns).

mythicdarkflame the Protected (Minotaur Fighter)   Turns: 10945, Time: 00:43:52

Health: -1/97      AC: 16    Str: 39    XL:     11   Next: 12%
Magic:  4/10       EV: 11    Int: 20    God:    Cheibriados [******]
Gold:   399        SH: 15    Dex: 27    Spells: 10/10 levels left

rFire    . . .     SeeInvis +   L - +2 long sword (freeze)
rCold    . . .     Gourm    .   c - +0 shield
rNeg     . . .     Faith    .   o - +0 plate armour
rPois    .         Spirit   .   (helmet restricted)
rElec    .         Reflect  .   y - +0 cloak
rCorr    .         Harm     .   (no gloves)
MR       .....     Rnd*Tele +   (no boots)
Stlth    ..........             (no amulet)
Regen    0.3/turn               m - ring of see invisible
MPRegen  0.2/turn               b - ring of wizardry

@: very slow
A: retaliatory headbutt, horns 2, agile 1, blink, teleportitis 1
a: Blink, Bend Time, Temporal Distortion, Slouch, Step From Time, Renounce
Religion


You were on level 2 of the Lair of Beasts.
You worshipped Cheibriados.
Cheibriados was exalted by your worship.
You were very full.

You visited 3 branches of the dungeon, and saw 12 of its levels.

You collected 399 gold pieces.

Inventory:

Hand Weapons
 f - a cursed -2 shortbow
 E - a +0 shortbow
 G - a +0 shortbow
 L - a +2 long sword of freezing (weapon)
Missiles
 e - 232 arrows (quivered)
Armour
 c - a +0 shield (worn)
 o - a +0 plate armour (worn)
 y - a +0 cloak (worn)
Jewellery
 b - a ring of wizardry (right hand)
 m - a ring of see invisible (left hand)
Wands
 a - a wand of acid (13/15)
 x - a wand of flame (23/48)
Scrolls
 g - 3 scrolls of identify
 h - 3 scrolls of remove curse
 i - a scroll of recharging
 l - a scroll of teleportation
 n - a scroll of silence {unknown}
 v - a scroll of enchant weapon {unknown}
 w - a scroll of amnesia
 z - a scroll of fog {unknown}
 A - a scroll of magic mapping
 C - a scroll of immolation
 H - a scroll of enchant armour {unknown}
 I - a scroll of blinking
Potions
 d - 2 potions of might
 p - 4 potions of ambrosia {unknown}
 q - 2 potions of brilliance {unknown}
 r - 6 potions of curing {unknown}
 s - a potion of berserk rage {unknown}
 t - a potion of resistance {unknown}
 u - 6 potions of flight {unknown}
 B - a potion of heal wounds {unknown}
 D - a potion of mutation
 F - a potion of lignification {unknown}
Comestibles
 j - 13 royal jellies
 k - 7 meat rations
 J - a bread ration


   Skills:
 + Level 9.4 Fighting
 + Level 11.2 Long Blades
 + Level 11.3 Armour
 + Level 4.0 Dodging
 + Level 1.0 Stealth
 + Level 10.2 Shields


You had 10 spell levels left.
You didn't know any spells.

Dungeon Overview and Level Annotations

Branches:
Dungeon (9/15)             Temple (1/1) D:5            Lair (2/6) D:8
  Swamp: Lair:2-4    Shoals: Lair:2-4     Snake: Lair:2-4    Spider: Lair:2-4
    Orc: D:9-12

Altars:
Ashenzari
Cheibriados
Dithmenos
Elyvilon
Fedhas
Gozag
Hepliaklqana
Kikubaaqudgha
Makhleb
Nemelex Xobeh
Okawaru
Qazlal
Ru
Sif Muna
Trog
Vehumet
Xom
Yredelemnul
Zin
The Shining One


Innate Abilities, Weirdness & Mutations

You reflexively headbutt those who attack you in melee.
You have a pair of horns on your head.
You are agile. (Dex +2)
You can translocate small distances at will.
You are occasionally teleported next to monsters.


Message History

The nine-headed hydra grows two more!
You slash the 11-headed hydra! You freeze the 11-headed hydra!
You headbutt the 11-headed hydra!!
The 11-headed hydra is heavily wounded.
The 11-headed hydra bites you but does no damage. x2
You block the 11-headed hydra's attack. The 11-headed hydra bites you.
The 11-headed hydra bites you but does no damage.
You block the 11-headed hydra's attack. The 11-headed hydra bites you!
* * * LOW HITPOINT WARNING * * *
The 11-headed hydra bites you.
* * * LOW HITPOINT WARNING * * *
The 11-headed hydra bites you!
* * * LOW HITPOINT WARNING * * *
The 11-headed hydra bites you.
* * * LOW HITPOINT WARNING * * *
You block the 11-headed hydra's attack.
The 11-headed hydra is no longer moving slowly.
The 11-headed hydra bites you.
* * * LOW HITPOINT WARNING * * *
You block the 11-headed hydra's attack. The 11-headed hydra bites you!
You die...

#P.. ...#######.##
..... #.##.#.#....#
...P.##.##...#...#####
........#........##P###
#............##....#
##..##....#...#.....
##.P###.#.##.......
####...# #####........
##...#@## ##.......
#P....D## ##...###
##......# #....# #
#....##.#....# ###### #
#.... ?.......# # ....
.......... ...
........#..
.....%....... >
..........#.


You could see a 11-headed hydra.

Vanquished Creatures
  A two-headed ogre (D:8)
  An oklob plant (D:7)
  2 spiny frogs (Lair:1)
  A komodo dragon (Lair:1)
  Grinder (D:5)
  Sigmund (D:5)
  A hippogriff (Lair:1)
  A shadow (D:7)
  A yak (D:8)
  3 hogs (D:8)
  A human (D:8)
  A hungry ghost (D:8)
  3 water moccasins (Lair:1)
  Menkaure (D:6)
  Duvessa (D:6)
  2 orc warriors
  4 porcupines (D:8)
  2 ice beasts
  4 black bears
  A phantom (D:8)
  3 ogres
  6 wolves
  3 centaurs
  3 crocodiles
  2 bullfrogs
  Dowan (D:6)
  5 scorpions
  9 killer bees (D:7)
  2 howler monkeys
  4 crimson imps
  A centaur zombie (D:8)
  7 jellies
  7 hounds
  2 orc priests
  4 orc wizards
  Crazy Yiuf (D:5)
  2 bullfrog skeletons
  A centaur skeleton (D:4)
  An iguana (D:6)
  6 worker ants
  2 hound zombies
  2 hound skeletons
  A worker ant zombie (D:5)
  10 adders
  4 gnolls (D:2)
  2 howler monkey skeletons
  A shadow imp (D:4)
  12 oozes
  2 adder skeletons
  2 worms
  7 leopard geckos
  32 orcs
  A ball python (D:1)
  3 bats
  7 giant cockroaches
  5 goblins
  7 hobgoblins
  12 jackals
  3 quokkas
  4 frilled lizards
  A giant cockroach zombie (D:5)
  6 kobolds
  A leopard gecko skeleton (D:7)
  A quokka zombie (D:7)
  8 rats
  A bush (D:8)
  12 fungi
  13 plants (D:8)
265 creatures vanquished.

Vanquished Creatures (others)
  2 orc wizards (D:7)
  4 fungi (D:7)
6 creatures vanquished.

Grand Total: 271 creatures vanquished

Notes
Turn   | Place    | Note
-------+----------+-------------------------------------------
     0 | D:1      | mythicdarkflame the Minotaur Fighter began the quest for the Orb.
     0 | D:1      | Reached XP level 1. HP: 19/19 MP: 0/0
   247 | D:1      | Reached XP level 2. HP: 23/27 MP: 1/1
   790 | D:1      | You fall through a shaft!
   803 | D:2      | Reached XP level 3. HP: 24/33 MP: 2/2
  1009 | D:2      | Reached XP level 4. HP: 39/40 MP: 3/3
  1033 | D:2      | Found a snail-covered altar of Cheibriados.
  1033 | D:2      | Found a glowing silver altar of Zin.
  1090 | D:2      | Became a worshipper of Cheibriados the Contemplative
  1540 | D:3      | Found a shattered altar of Ashenzari.
  1558 | D:3      | Reached skill level 1 in Dodging
  1615 | D:3      | Reached XP level 5. HP: 42/46 MP: 4/4
  1616 | D:3      | Reached * piety under Cheibriados
  1827 | D:3      | Reached skill level 5 in Armour
  1833 | D:3      | Found a burning altar of Makhleb.
  2250 | D:4      | Reached XP level 6. HP: 50/53 MP: 5/5
  2273 | D:4      | Reached skill level 5 in Long Blades
  2620 | D:4      | Reached ** piety under Cheibriados
  2893 | D:5      | Entered Level 5 of the Dungeon
  2921 | D:5      | Reached skill level 5 in Shields
  3101 | D:5      | Reached XP level 7. HP: 59/60 MP: 6/6
  3187 | D:5      | Reached skill level 5 in Fighting
  3238 | D:5      | Noticed Grinder
  3243 | D:5      | Gained mutation: You can translocate small distances at will. [potion of mutation]
  3243 | D:5      | Gained mutation: You are occasionally teleported next to monsters. [potion of mutation]
  3243 | D:5      | Gained mutation: You are agile. (Dex +2) [potion of mutation]
  3258 | D:5      | Paralysed by Grinder for 6 turns
  3278 | D:5      | HP: 3/61 [Grinder (4)]
  3280 | D:5      | Killed Grinder
  3686 | D:5      | Noticed Sigmund
  3700 | D:5      | Killed Sigmund
  3700 | D:5      | Reached XP level 8. HP: 54/68 MP: 7/7
  4173 | D:5      | Found a runed door.
  4177 | D:5      | Noticed Crazy Yiuf
  4181 | D:5      | Killed Crazy Yiuf
  4287 | D:5      | Found a staircase to the Ecumenical Temple.
  4359 | D:5      | Reached *** piety under Cheibriados
  4368 | Temple   | Entered the Ecumenical Temple
  5102 | D:6      | Noticed Menkaure
  5109 | D:6      | Killed Menkaure
  5688 | D:6      | Noticed Duvessa
  5688 | D:6      | Noticed Dowan
  5694 | D:6      | Killed Duvessa
  5705 | D:6      | Killed Dowan
  5925 | D:6      | Reached XP level 9. HP: 72/78 MP: 8/8
  6574 | D:7      | Reached **** piety under Cheibriados
  7017 | D:7      | Found a deep blue altar of Sif Muna.
  7660 | D:7      | Noticed an oklob plant
  7674 | D:7      | Reached ***** piety under Cheibriados
  7695 | D:7      | Killed an oklob plant
  7695 | D:7      | Reached XP level 10. HP: 32/88 MP: 9/9
  8164 | D:7      | Identified Sif Muna's Catalogue of Moulding
  8177 | D:8      | Reached skill level 10 in Long Blades
  8246 | D:8      | Reached skill level 10 in Armour
  8267 | D:8      | Found a staircase to the Lair.
  8593 | D:8      | Noticed a two-headed ogre
  8604 | D:8      | Killed a two-headed ogre
  8604 | D:8      | Reached skill level 1 in Stealth
  8753 | Lair:1   | Entered Level 1 of the Lair of Beasts
  9935 | Lair:1   | Noticed a spiny frog
  9944 | Lair:1   | Killed a spiny frog
  9944 | Lair:1   | Reached skill level 10 in Shields
  9944 | Lair:1   | Reached XP level 11. HP: 84/97 MP: 10/10
 10235 | Lair:1   | Reached ****** piety under Cheibriados
 10937 | Lair:2   | Noticed an eight-headed hydra
 10945 | Lair:2   | Slain by an 11-headed hydra

Skill      XL: |  1  2  3  4  5  6  7  8  9 10 11 |
---------------+----------------------------------+-----
Armour         | 4 5 6 7 9 10 11 | 11.3
Fighting       | 4 5 6 7 9 |  9.4
Long Blades    | 3 4 5 6 8 9 11 | 11.2
Shields        | 4 5 6 7 8 10 | 10.2
Dodging        | 1 2 3 4 |  4.0
Stealth        | 1 |  1.0

Action                   |  1- 3 |  4- 6 |  7- 9 | 10-12 || total
-------------------------+-------+-------+-------+-------++-------
Melee: Long sword        |    61 |   151 |   238 |   213 ||   663
       Headbutt          |     8 |    25 |    94 |   115 ||   242
Invok: Bend Time         |       |       |       |     2 ||     2
  Use: Potion            |     1 |       |     1 |       ||     2
       Scroll            |       |       |    12 |     7 ||    19
  Eat: Bread ration      |       |     1 |     3 |     3 ||     7
       Chunk             |       |     1 |     2 |       ||     3
       Fruit             |       |       |       |     1 ||     1
Armor: Scale mail        |    39 |    41 |       |       ||    80
       Ring mail         |       |    11 |       |       ||    11
       Chain mail        |       |    26 |    23 |       ||    49
       Plate armour      |       |       |    94 |    75 ||   169
Dodge: Dodged            |    28 |    63 |    61 |    66 ||   218
Block: Shield            |    48 |   107 |   142 |   145 ||   442
       Rpst.: Long sword |     8 |    14 |    18 |    17 ||    57
